 Dungeon Crawl Stone Soup version 0.30-a0-779-g7971cf19c3 (webtiles) character file.

Game seed: 7860874728318698014

56 jimonade the Stinger (level 3, -3/32 HPs)
             Began as an Ogre Venom Mage on Feb 17, 2023.
             Slain by an orc
             ... wielding a +0 mace
              (5 damage)
             ... on level 4 of the Dungeon.
             The game lasted 00:04:53 (2086 turns).

jimonade the Stinger (Ogre Venom Mage)              Turns: 2086, Time: 00:04:53

Health: -3/32      AC:  4    Str: 14    XL:     3   Next: 97%
Magic:  7/7        EV: 10    Int: 16    God:
Gold:   118        SH:  0    Dex:  9    Spells: 5/8 levels left

rFire   . . .      SeeInvis .    o - +0 whip
rCold   . . .      Faith    .    (no shield)
rNeg    . . .      Spirit   .    e - +1 robe
rPois   .          Reflect  .    (helmet restricted)
rElec   .          Harm     .    (no cloak)
rCorr   .          Rampage  .    (gloves unavailable)
Will    .....                    (boots unavailable)
Stlth   +                        (no amulet)
HPRegen 0.25/turn                (no ring)
MPRegen 0.10/turn                (no ring)

@: no status effects
A: large, unfitting armour, tough skin 1
a: no special abilities


You were on level 4 of the Dungeon.
You visited 1 branch of the dungeon, and saw 3 of its levels.

You collected 118 gold pieces.

Inventory:

Hand Weapons
 a - a +1 heavy mace
 o - a +0 whip (weapon)
 q - a +0 flail
Missiles
 c - 5 poisoned darts
 l - 2 atropa-tipped darts
 m - 19 stones
Armour
 e - a +1 robe (worn)
Scrolls
 d - a scroll of enchant weapon
 i - a scroll of identify
Potions
 b - 2 potions of magic
 f - a potion of flight
 h - a potion of brilliance {unknown}
 j - 2 potions of curing {unknown}
 k - a potion of haste {unknown}
 p - 2 potions of berserk rage {unknown}
 r - a potion of heal wounds {unknown}


   Skills:
 + Level 0.5 Fighting
 + Level 2.0 Dodging
 - Level 1.4 Stealth
 + Level 3.2 Spellcasting
 - Level 0.8 Transmutations
 * Level 3.7 Poison Magic


You had 5 spell levels left.
You knew the following spells:

 Your Spells              Type           Power      Damage    Failure   Level
a - Sting                 Tmut/Pois      36%        1d4       7%          1
b - Poisonous Vapours     Pois/Air       16%        N/A       13%         2

Your spell library contained the following spells:

 Spells                   Type           Power      Damage    Failure   Level
 Mephitic Cloud           Conj/Pois/Air  6%         N/A       32%         3
 Olgreb's Toxic Radiance  Pois           14%        N/A       36%         4


Dungeon Overview and Level Annotations

Branches:
Dungeon (2/15)

Altars:

Annotations:
D:4 Robin


Innate Abilities, Weirdness & Mutations

You are too large for most types of armour.
You have tough skin. (AC +1)


Message History

The orc barely misses you.
As you read the scroll labelled JUURIX TAYTU, it crumbles to dust.
It is a scroll of enchant weapon.
Your +0 heavy mace glows red for a moment.
The orc priest hits you with a +0 dagger.
The goblin hits you but does no damage. The orc hits you with a +0 mace.
The orc barely misses you.
As you read the scroll labelled NYHIRE RITE, it crumbles to dust.
It is a scroll of enchant armour.
Your +0 robe glows green for a moment.
The orc priest hits you with a +0 dagger.
The orc closely misses you. The goblin hits you with a +0 dagger.
The orc hits you with a +0 club.
As you read the scroll labelled QEMUEG MUMP, it crumbles to dust.
It is a scroll of identify.
f - a potion of flight The orc priest hits you with a +0 dagger.
The goblin hits you with a +0 dagger. The orc hits you but does no damage. x2
As you read the scroll labelled ROSKOSHR BOFO, it crumbles to dust.
You hear the flapping of tiny wings.
The orc is knocked back by the sudden gust.
The orc priest is knocked back by the sudden gust.
The goblin is knocked back by the sudden gust. x2
The orc is knocked back by the sudden gust. x2
It was a scroll of butterflies.
The hobgoblin hits your butterfly.
Your butterfly dies!
Your butterfly disappears in a burst of colours!
Unknown command.
You swap places.
The goblin barely misses something.
The orc barely misses your butterfly.
The orc priest invokes the aid of Beogh against you.
Beogh smites you!
* * * LOW HITPOINT WARNING * * *
The hobgoblin misses something.
You swap places.
The goblin hits your butterfly with a +0 dagger.
Your butterfly dies!
Your butterfly disappears in a burst of colours!
The orc hits you with a +0 mace.
You die...

...##+###...###....
####.........########
..................
.........#.....#..
###########†b...'..
#...b......b....#..
#..o..boo.bb....#
#......bb.bbb...#
#..bbbbb@ob.....#
#..b..bbb.......#
+>.b.b#b###.....#
#.....#.bb#.....#
..... #g.g#.....#
.... #.bb#.....#
.######g..#.....#
#.....g..#.....#
#...######.....#


You could see an orc priest (ally target), 3 orcs, a hobgoblin and 2 goblins.

Vanquished Creatures
  An ufetubus (D:4)
  A worm (D:2)
  2 dart slugs (D:1)
  An orc (D:4)
  2 endoplasms (D:1)
  4 giant cockroaches
  2 goblins
  6 hobgoblins
  A jackal (D:1)
  6 kobolds
  2 quokkas (D:1)
  3 ball pythons
  3 bats (D:1)
  4 frilled lizards (D:1)
  3 rats
41 creatures vanquished.

Notes
Turn   | Place    | Note
-------+----------+-------------------------------------------
     0 | D:1      | jimonade the Ogre Venom Mage began the quest for the Orb.
     0 | D:1      | Reached XP level 1. HP: 16/16 MP: 3/3
   142 | D:1      | Reached XP level 2. HP: 21/24 MP: 1/5
   844 | D:1      | Reached XP level 3. HP: 32/32 MP: 4/7
  1011 | D:1      | Learned a level 2 spell: Poisonous Vapours
  1844 | D:2      | You fall into a shaft and drop 2 floors!
  2063 | D:4      | Noticed a phantom
  2064 | D:4      | Noticed Robin
  2085 | D:4      | HP: 1/32 [orc priest/divine providence (12)]
  2086 | D:4      | Slain by an orc

Illustrated notes

Levels and vault maps discovered:
D:1:      scummos_arrival_simple_crosswalls, layout_basic, serial_park_tiny_2,
          minmay_tromino_v4_c
D:2:      layout_basic
D:4:      cheibrodos_pilgrimage, layout_gridville, tso_metal_star,
          amcnicky_altar_gilded, general_overflow_altar,
          nicolae_ashenzari_panopticon, hangedman_decor_peaks_small, uniq_robin

Skill      XL: |  1  2  3 |
---------------+----------+-----
Poison Magic   | 3 |  3.7
Dodging        | 2 |  2.0
Spellcasting   | 3 |  3.2
Fighting       | |  0.5
Stealth        | |  1.4
Transmutations | |  0.8

Action                     || total
---------------------------++-------
  Melee: Unarmed           ||    21
         Punch             ||     1
         Mace              ||    25
         Whip              ||     1
   Cast: Sting             ||    64
    Use: Scroll            ||     4
 Armour: Robe              ||    31
  Dodge: Dodged            ||    56

Table legend: (Time is in decaauts)
 A = Elapsed time spent in this place.
 B = Non-inter-level travel time spent in this place.
 C = Inter-level travel time spent in this place.
 D = Time resting spent in this place.
 E = Time spent auto-exploring this place.
 F = Levels seen in this place.
 G = Mean time per level.
                   A        B        C        D        E       F      G
               +--------+--------+--------+--------+--------+-----+--------+
         Total |   2113 |   2044 |     69 |    161 |   1481 |   3 |  704.3 |
       Dungeon |   2113 |   2044 |     69 |    161 |   1481 |   3 |  704.3 |
               +--------+--------+--------+--------+--------+-----+--------+

Top non-repeatable levels by time:
     D:1: 1575 daAuts
     D:2: 288 daAuts
     D:4: 249 daAuts
